 Dungeon Crawl Stone Soup version 0.29.1-13-g9f3cf754e1 (webtiles) character file.

Game seed: 6024759593236078047

176398 Oxelix the Severer (level 17, -2/140 (157) HPs)
             Began as a Minotaur Berserker on Jan 31, 2023.
             Was the Champion of Trog.
             Killed from afar by Mara (illusionary) (26 damage)
             ... with a bolt of fire
             ... on level 3 of the Snake Pit.
             The game lasted 01:04:21 (30079 turns).

Oxelix the Severer (Minotaur Berserker)            Turns: 30079, Time: 01:04:22

HP:   -2/140 (157)  AC: 26    Str: 30    XL:     17   Next: 50%
MP:   16/16         EV: 23    Int:  4    God:    Trog [******]
Gold: 799           SH: 17    Dex: 10    Spells: 16/16 levels left

rFire   . . .      SeeInvis .   W - +2 broad axe (flame)
rCold   + . .      Faith    .   e - +0 kite shield
rNeg    . . .      Spirit   .   X - +6 acid dragon scales of Death Resistance {rElec Will++ Regen+ rCorr}
rPois   +          Reflect  +   z - +3 hat of Vanity {rC+}
rElec   +          Harm     .   J - +2 cloak {rPois}
rCorr   +          Rampage  .   T - +0 pair of gloves
Will    +++..                   p - +0 pair of boots
Stlth   +.........              C - amulet of reflection
HPRegen 1.13/turn               H - +4 ring of evasion
MPRegen 0.15/turn               S - +4 ring of evasion

@: on berserk cooldown, slowed, studying Invocations, heavily drained, very slow
A: horns 2, retaliatory headbutt
a: Renounce Religion, Berserk, Trog's Hand, Brothers in Arms


You were on level 3 of the Snake Pit.
You worshipped Trog.
Trog was exalted by your worship.
You visited 5 branches of the dungeon, and saw 24 of its levels.
You also visited: Bailey.

You collected 2580 gold pieces.
You spent 1781 gold pieces at shops.

Inventory:

Hand Weapons
 I - a +5 executioner's axe of flaming
 W - a +2 broad axe of flaming (weapon)
Missiles
 r - 5 throwing nets
 P - 5 silver javelins
 U - 21 boomerangs (quivered)
Armour
 e - a +0 kite shield (worn)
 p - a +0 pair of boots (worn)
 z - the +3 hat of Vanity (worn) {rC+}
   (You acquired it on level 2 of the Orcish Mines)

   rC:        It protects you from cold.
 J - a +2 cloak of poison resistance (worn)
 T - a +0 pair of gloves (worn)
 X - the +6 acid dragon scales of Death Resistance (worn) {rElec Will++ Regen+ rCorr}
   (You bought it in a shop on level 7 of the Dungeon)

   rElec:     It insulates you from electricity.
   Regen:     It increases your rate of health regeneration.
   rCorr:     It protects you from acid and corrosion.
   Will:      It greatly increases your willpower.
Jewellery
 d - an amulet of the acrobat
 o - a ring of protection from fire
 y - a +6 ring of intelligence
 C - an amulet of reflection (around neck)
 E - a ring of protection from cold
 G - a ring of positive energy
 H - a +4 ring of evasion (left hand)
 N - a ring of flight
 S - a +4 ring of evasion (right hand)
 Z - a +6 ring of strength
Wands
 s - a wand of polymorph (13)
 t - a wand of charming (15)
 A - a wand of quicksilver (27)
 B - a wand of digging (10)
 K - a wand of flame (26)
 M - a wand of roots (14)
 Y - a wand of mindburst (5)
Scrolls
 a - 7 scrolls of blinking
 b - 2 scrolls of brand weapon
 c - 3 scrolls of butterflies
 i - 4 scrolls of enchant weapon
 j - 5 scrolls of fear
 m - 7 scrolls of teleportation
 w - 7 scrolls of poison
 D - 2 scrolls of immolation
 F - a scroll of magic mapping
 O - 3 scrolls of identify
 Q - a scroll of enchant armour
Potions
 f - 8 potions of heal wounds
 g - 10 potions of curing
 h - 7 potions of haste
 k - 6 potions of flight
 l - 2 potions of invisibility
 n - 4 potions of ambrosia
 q - 4 potions of lignification
 u - a potion of cancellation
 v - a potion of mutation {unknown}
 x - 2 potions of resistance
 L - 3 potions of might
 V - 4 potions of magic
Miscellaneous
 R - a lightning rod (4/4)


   Skills:
 - Level 15.6 Fighting
 - Level 18.0 Axes
 + Level 8.3 Throwing
 + Level 15.6 Armour
 + Level 13.0 Dodging
 - Level 14.0 Shields
 - Level 8.7 Evocations


You had 16 spell levels left.
You didn't know any spells.
Your spell library was empty.

Dungeon Overview and Level Annotations

Branches:
Dungeon (12/15)            Temple (1/1) D:7            Lair (5/5) D:11
  Swamp (0/4) Lair:2        Snake (4/4) Lair:3        Slime (0/5) Lair:4
    Orc (2/2) D:9             Elf (0/3) Orc:2        Bailey (visited)

Altars:
Ashenzari
Cheibriados
Dithmenos
Elyvilon
Fedhas
Gozag
Hepliaklqana
Kikubaaqudgha
Makhleb
Nemelex Xobeh
Okawaru
Qazlal
Ru
Sif Muna
Trog
Uskayaw
Vehumet
Wu Jian
Xom
Yredelemnul
Zin
The Shining One
Jiyva

Shops:
D:7 [:   Orc:2 :?(   Snake:1 (!

Annotations:
D:3 Ring, dig
Lair:5 3 runed translucent doors, peterlawrence's ghost, journeyman MiFi
Snake:3 Mara


Innate Abilities, Weirdness & Mutations

You have a pair of horns on your head.
You reflexively headbutt those who attack you in melee.


Message History

You feel drained.
You completely miss Mara. You headbutt Mara, but do no damage.
Mara is severely wounded.
You slash Mara! You barely miss Mara.
Mara is severely wounded.
You miss Mara.
You are no longer berserk.
You are exhausted.
You feel yourself slow down. Mara gestures at you. The bolt of fire hits you!!
Mara completely misses you.
You barely miss Mara. You headbutt Mara.
Mara is severely wounded.
You barely miss Mara.
Mara blinks! x2
Mara gestures at you.
There is a horrible, sudden wrenching feeling in your soul!
You hit Mara.
Mara is almost dead.
Mara hits you with a +0 demon whip of draining!!
You feel drained.
Unknown command.
You closely miss Mara. Your headbutt misses Mara.
Mara is almost dead.
Mara blinks!
Press: ? - help, v - describe, . - travel The floor.
You slash Mara!
Mara is severely wounded.
Mara misses you. Mara gestures at you. The bolt of fire hits you!!
* * * LOW HITPOINT WARNING * * *
Okay, then.
Blink to where?
Press: ? - help, Dir - move target
As you read the scroll of blinking, it crumbles to dust.
Mara gestures at you. The bolt of fire hits you!!
You die...

...................#.#.#<#.#
...)~...).........§R>#.#.#.#
.)~~~...#######.#@R#.#.#!#.#
.♣~~~...# #.#..#.#.#.#.#
####.#### #####.#..#.#.#.#.#
........# #........#.#.#.#.#
...####.###....##.##.#...#.#
.....................#...#.#
.....#..........@.##.#####.#
#....#............##.......#
#....#........:...##.#######
#######'#######....#.# #.#
#...)#.# #.# ####....#.#
######.# #....#+##.#
##...##.# #....#.##.#######
##...##.# #....#.##.......#


You could see 2 Maras and Oxelix's illusion (slow).

Vanquished Creatures
  Jorgrun (Orc:2)
  Kirke (D:12)
  Aizul (Snake:4)
  Nessos (Lair:4)
  Josephine (Lair:3)
  2 vault guards (Bailey)
  11 hydras
  3 boulder beetles
  2 catoblepae (Lair:5)
  Erolcha (D:10)
  10 anacondas
  4 two-headed ogres
  A death knight (D:9)
  2 naga warriors
  8 naga sharpshooters
  3 death yaks (Lair:5)
  2 orc high priests (Orc:2)
  4 shock serpents
  3 salamander mystics
  15 sea snakes (Snake:3)
  10 naga ritualists
  An orc knight (Orc:1)
  4 orc sorcerers
  3 manticores
  13 mana vipers
  A wolf spider (Lair:5)
  2 cyclopes
  2 ugly things
  Maurice (D:12)
  5 salamanders
  12 elephants
  42 black mambas
  2 gargoyles (D:12)
  5 guardian serpents
  10 naga magi
  14 cane toads
  A torpor snail (Lair:5)
  Maggie (Lair:2)
  13 komodo dragons
  An unseen horror (D:12)
  A kobold demonologist (D:10)
  A rime drake (Lair:3)
  A yaktaur (shapeshifter) (D:11)
  An efreet (D:9)
  4 trolls
  2 polar bears
  A tyrant leech (Lair:2)
  3 dream sheep (Lair:5)
  A slime creature (D:9)
  5 blink frogs (Lair:5)
  Prince Ribbit (Bailey)
  Sigmund (D:4)
  5 wraiths (Lair:3)
  2 vampires (D:11)
  4 basilisks
  Eustachio (D:6)
  3 fire bats (Lair:5)
  8 wyverns
  31 yaks
  2 hogs (D:12)
  A steam dragon (D:9)
  6 humans (Bailey)
  A warg (Orc:2)
  35 nagas
  3 swamp worms (Lair:2)
  2 acid dragons
  13 water moccasins
  5 black bears
  15 orc warriors
  3 ice beasts (D:7)
  2 sky beasts
  6 ogres
  14 wolves
  8 phantoms
  9 centaurs
  2 kobold brigands
  22 bullfrogs
  A necrophage (D:4)
  3 gnoll sergeants
  4 scorpions
  6 wights (D:9)
  33 killer bees
  3 howler monkeys
  5 hounds (D:7)
  17 orc priests
  4 gnoll boudas
  3 jellies
  5 iguanas
  29 orc wizards
  A hell rat (Lair:4)
  17 gnolls
  9 adders
  A white imp (D:6)
  A howler monkey simulacrum (D:9)
  2 ufetubi (D:6)
  A worm (D:2)
  A dart slug (D:3)
  61 orcs
  6 ball pythons
  6 bats
  3 endoplasms
  3 giant cockroaches
  12 goblins
  7 hobgoblins
  7 jackals
  11 kobolds
  7 quokkas
  8 frilled lizards
  6 rats
727 creatures vanquished.

Vanquished Creatures (collateral kills)
  2 orc high priests (Orc:2)
  2 naga ritualists (Snake:1)
  4 orc knights (Orc:2)
  A mana viper (Snake:1)
  2 orc sorcerers (Orc:2)
  2 salamanders (Snake:1)
  A black mamba (Snake:1)
  5 orc warriors (Orc:2)
  An orc wizard (Orc:2)
20 creatures vanquished.

Vanquished Creatures (others)
  14 fungi
  114 plants
128 creatures vanquished.

Grand Total: 875 creatures vanquished

Notes
Turn   | Place    | Note
-------+----------+-------------------------------------------
     0 | D:1      | Oxelix the Minotaur Berserker began the quest for the Orb.
     0 | D:1      | Reached XP level 1. HP: 19/19 MP: 0/0
   256 | D:1      | Reached skill level 4 in Axes
   452 | D:1      | Reached XP level 2. HP: 27/27 MP: 1/1
  1189 | D:2      | Identified the +10 dagger of Ocuil {spect, rElec rPois
                  | Will- Int+4}
  1201 | D:2      | Reached XP level 3. HP: 28/33 MP: 2/2
  1314 | D:2      | Reached ** piety under Trog
  1464 | D:2      | Found a faded altar of an unknown god.
  1706 | D:2      | Reached skill level 5 in Axes
  2156 | D:3      | Reached XP level 4. HP: 32/41 MP: 3/3
  2341 | D:3      | Found a hazy altar of Hepliaklqana.
  2501 | D:4      | Reached skill level 6 in Axes
  2523 | D:4      | Noticed a black bear
  2528 | D:4      | Reached skill level 5 in Fighting
  2528 | D:4      | Reached XP level 5. HP: 45/48 MP: 4/4
  2537 | D:4      | HP: 2/48 [black bear (4)]
  2540 | D:4      | Killed a black bear
  2542 | D:4      | Reached skill level 7 in Axes
  2848 | D:4      | Noticed Sigmund
  2857 | D:4      | Killed Sigmund
  2858 | D:4      | Reached XP level 6. HP: 57/57 MP: 5/5
  2956 | D:4      | Reached skill level 8 in Axes
  3156 | D:4      | Reached XP level 7. HP: 52/63 MP: 6/6
  3419 | D:4      | Reached *** piety under Trog
  3623 | D:4      | Found a snail-covered altar of Cheibriados.
  3806 | D:5      | Entered Level 5 of the Dungeon
  4173 | D:5      | Reached skill level 9 in Axes
  4745 | D:5      | Reached XP level 8. HP: 73/73 MP: 7/7
  4911 | D:6      | Reached skill level 10 in Axes
  5043 | D:6      | Noticed Eustachio
  5059 | D:6      | Killed Eustachio
  5316 | D:6      | Reached skill level 11 in Axes
  5734 | D:6      | Found an iron altar of Okawaru.
  6097 | D:7      | Reached skill level 12 in Axes
  6097 | D:7      | Reached XP level 9. HP: 82/82 MP: 8/8
  6590 | D:7      | Noticed a manticore
  6603 | D:7      | Killed a manticore
  6604 | D:7      | Reached skill level 13 in Axes
  6830 | D:7      | Reached skill level 10 in Fighting
  6908 | D:7      | Reached **** piety under Trog
  6971 | D:7      | Reached skill level 1 in Shields
  7208 | D:7      | Found Hom Ihas's Antique Armour Shoppe.
  7237 | D:7      | Found Wuczor's Book Shop.
  7415 | D:7      | Found a staircase to the Ecumenical Temple.
  7433 | Temple   | Entered the Ecumenical Temple
  7586 | D:7      | Found a burning altar of Makhleb.
  7843 | D:8      | Reached XP level 10. HP: 59/93 MP: 9/9
  7893 | D:8      | Reached skill level 14 in Axes
  8118 | D:8      | Noticed a cyan ugly thing
  8127 | D:8      | Killed a cyan ugly thing
  8314 | D:8      | Reached skill level 5 in Armour
  8845 | D:8      | Noticed a two-headed ogre
  8854 | D:8      | Killed a two-headed ogre
  8855 | D:8      | Reached skill level 5 in Shields
  9634 | D:9      | Noticed a death knight
  9647 | D:9      | Killed a death knight
  9648 | D:9      | Reached skill level 15 in Axes
  9998 | D:9      | Noticed a two-headed ogre
 10006 | D:9      | Killed a two-headed ogre
 10007 | D:9      | Reached XP level 11. HP: 99/99 MP: 10/10
 10386 | D:9      | Noticed an eight-headed hydra
 10386 | D:9      | Noticed a two-headed ogre
 10393 | D:9      | Killed a 14-headed hydra
 10398 | D:9      | Killed a two-headed ogre
 11173 | D:9      | Found a staircase to the Orcish Mines.
 11553 | D:10     | Entered Level 10 of the Dungeon
 12113 | D:10     | Found a flagged portal.
 12133 | Bailey   | Entered a bailey
 12143 | Bailey   | Reached ***** piety under Trog
 12164 | Bailey   | Reached skill level 16 in Axes
 12221 | Bailey   | Noticed a vault guard
 12221 | Bailey   | Noticed Prince Ribbit
 12235 | Bailey   | Killed Prince Ribbit
 12237 | Bailey   | Killed a vault guard
 12238 | Bailey   | Reached skill level 10 in Armour
 12302 | Bailey   | Noticed a vault guard
 12317 | Bailey   | Killed a vault guard
 12553 | Bailey   | Reached skill level 10 in Shields
 12646 | D:10     | Noticed Erolcha
 12680 | D:10     | Killed Erolcha
 12686 | D:10     | Reached XP level 12. HP: 34/106 MP: 11/11
 13259 | D:10     | Noticed a two-headed ogre
 13265 | D:10     | Killed a two-headed ogre
 13693 | D:11     | Noticed a six-headed hydra
 13716 | D:10     | Killed a 13-headed hydra
 14427 | D:11     | Noticed a boulder beetle
 14476 | D:11     | Killed a boulder beetle
 14693 | D:11     | Found a staircase to the Lair.
 14984 | Lair:1   | Entered Level 1 of the Lair of Beasts
 15083 | Lair:1   | Reached skill level 1 in Throwing
 16496 | Lair:2   | Noticed Maggie
 16504 | Lair:2   | Killed Maggie
 16757 | Lair:2   | Noticed an eight-headed hydra
 16767 | Lair:2   | Killed a three-headed hydra
 17299 | Lair:2   | Reached XP level 13. HP: 96/116 MP: 12/12
 17747 | Lair:2   | Found a staircase to the Swamp.
 17838 | Lair:2   | Reached XP level 14. HP: 124/124 MP: 13/13
 17839 | Lair:2   | Reached skill level 17 in Axes
 17839 | Lair:2   | Reached XP level 15. HP: 130/130 MP: 14/14
 17901 | Lair:3   | Reached skill level 5 in Dodging
 17941 | Lair:3   | Received a gift from Trog
 18206 | Lair:3   | Reached skill level 18 in Axes
 18265 | Lair:3   | Noticed Josephine
 18273 | Lair:3   | Killed Josephine
 18289 | Lair:3   | Found a staircase to the Snake Pit.
 18936 | Lair:4   | Noticed Nessos
 18948 | Lair:4   | Killed Nessos
 19121 | Lair:4   | Reached skill level 5 in Evocations
 19558 | Lair:4   | Found a staircase to the Slime Pits.
 20071 | Lair:5   | Entered Level 5 of the Lair of Beasts
 20079 | Lair:5   | Received a gift from Trog
 20253 | Lair:5   | Found a runed translucent gate.
 20253 | Lair:5   | Found a runed translucent gate.
 20253 | Lair:5   | Found a runed translucent gate.
 20253 | Lair:5   | Noticed an acid blob
 20253 | Lair:5   | Noticed an azure jelly
 20253 | Lair:5   | Noticed an acid blob
 20253 | Lair:5   | Noticed an azure jelly
 20253 | Lair:5   | Noticed an azure jelly
 20256 | Lair:5   | Noticed an acid blob
 20256 | Lair:5   | Noticed peterlawrence's ghost (journeyman MiFi)
 20256 | Lair:5   | Noticed an azure jelly
 20260 | Lair:5   | Noticed an azure jelly
 20260 | Lair:5   | Noticed an azure jelly
 21578 | Lair:5   | Found a viscous altar of Jiyva.
 21868 | Orc:1    | Entered Level 1 of the Orcish Mines
 22588 | Orc:1    | Received a gift from Trog
 23089 | Orc:2    | Entered Level 2 of the Orcish Mines
 23293 | Orc:2    | Found a staircase to the Elven Halls.
 23315 | Orc:2    | Identified a scroll of acquirement
 23319 | Orc:2    | Acquired the +3 hat of Vanity {rC+}
 23376 | Orc:2    | Found Utrywk's Antique Weapon Boutique.
 23403 | Orc:2    | Reached XP level 16. HP: 106/145 MP: 15/15
 23859 | Orc:2    | Found Xyx Huy's Book Shoppe.
 23863 | Orc:2    | Found Xadaduj's Magic Scroll Shoppe.
 23870 | Orc:2    | Found Cuxt's Antique Weapon Boutique.
 24073 | Orc:2    | Noticed Jorgrun
 24088 | Orc:2    | Killed Jorgrun
 24550 | Orc:2    | Bought a scroll of teleportation for 42 gold pieces
 24550 | Orc:2    | Bought a scroll of magic mapping for 105 gold pieces
 24550 | Orc:2    | Bought a scroll of identify for 28 gold pieces
 24550 | Orc:2    | Bought a scroll of enchant armour for 105 gold pieces
 24663 | D:7      | Bought ichor-stained acid dragon scales for 1305 gold
                  | pieces
 24663 | D:7      | Identified the +6 acid dragon scales of Death Resistance
                  | {rElec Will++ Regen+ rCorr} (You bought it in a shop on
                  | level 7 of the Dungeon)
 24949 | D:12     | Noticed Kirke
 24981 | D:12     | Killed Kirke
 25252 | D:12     | Noticed Maurice
 25261 | D:12     | Killed Maurice
 25307 | D:12     | Received a gift from Trog
 25308 | D:12     | Reached skill level 10 in Dodging
 25574 | D:12     | Found a shimmering blue altar of Sif Muna.
 26085 | Snake:1  | Entered Level 1 of the Snake Pit
 26146 | Snake:1  | Found Poten's Weapon Emporium.
 26208 | Snake:1  | Found Pazxoy's Distillery.
 26212 | Snake:1  | Bought a potion of resistance for 140 gold pieces
 26212 | Snake:1  | Bought a potion of might for 56 gold pieces
 26547 | Snake:1  | Reached skill level 15 in Fighting
 26597 | Snake:1  | Found a broken altar of Ashenzari.
 27481 | Snake:2  | Reached skill level 5 in Throwing
 28456 | Snake:3  | Reached XP level 17. HP: 157/157 MP: 16/16
 28583 | Snake:3  | Reached ****** piety under Trog
 28978 | Snake:3  | Reached skill level 15 in Armour
 29818 | Snake:4  | Entered Level 4 of the Snake Pit
 29844 | Snake:4  | Noticed Aizul
 29867 | Snake:4  | Killed Aizul
 29867 | Snake:4  | Noticed Mara
 29871 | Snake:4  | Noticed Oxelix's illusion
 30045 | Snake:4  | Noticed Oxelix's illusion
 30076 | Snake:3  | Noticed Oxelix's illusion
 30079 | Snake:3  | Killed from afar by Mara (illusionary)

Illustrated notes

Levels and vault maps discovered:
D:1:      wander_arrival_peaceful_grave, layout_basic
D:2:      cheibrodos_helix_gallery, layout_basic, ebering_ecumenical_altar_box,
          kennysheep_big_empty_room
D:3:      layout_rooms, mainiacjoe_overflow_alcove_4, minmay_statues_item,
          minmay_pentangle
D:4:      layout_basic, chei_slow_surprise, lemuel_flame_loot_1, uniq_sigmund
D:5:      layout_gridville, amcnicky_mini_rare_corridor_liquid
D:6:      layout_loops_ring, okawaru_altar_gauntlet_db,
          kennysheep_pointless_box, minmay_manual_maat, uniq_eustachio
D:7:      minmay_inner_zag, layout_cave_pools,
          mainiacjoe_overflow_cross_hatched, minmay_temple_entry_junction,
          serial_gnoll_camp, gnoll_camp_mini_hut, gnoll_camp_mini_shop,
          gnoll_camp_mini_shop, gnoll_camp_huts_basic, st_stairs_14
D:8:      layout_rooms, minmay_chambers_of_fives
D:9:      nzn_winding_woodlands_small [nzn_winding_woodlands_5x15_zeroes,
          nzn_winding_woodlands_center_lodge,
          nzn_winding_woodlands_5x15_split_checker], layout_stronghold,
          kb_rosetta
D:10:     layout_grid_maze, enter_bailey_5, uniq_erolcha
D:11:     layout_cave_pools, david_lair_shrubbed, serial_glass, glass_columns_a,
          glass_columns_c
D:12:     layout_basic, lemuel_blue_sif_altar, uniq_maurice, uniq_kirke
Temple:   regret_index_temple_chain_breaker
Lair:1:   layout_long_grid, infiniplex_staircase_pool
Lair:2:   layout_gridlike, palyth_hydra_swamp_entry, uniq_maggie
Lair:3:   wad_woods_minihive, layout_cellular_growth,
          minmay_snake_entry_spellcaster, uniq_josephine, uniq_prince_ribbit2
Lair:4:   layout_layer_cave, slime_entry_1, chequers_serial_rivers_micro_e,
          nzn_random_ring, infiniplex_staircase_pool_2, uniq_nessos
Lair:5:   hangedman_lair_in_review, layout_regular_city, gammafunk_ghost_ooze,
          nicolae_volcano_entry_batcave, lemuel_fruit_tree, serial_bayou_shore_a
Snake:1:  layout_onion_interference, basic_altar, serial_shops, shop,
          nicolae_integral_box, minmay_shop_star
Snake:2:  layout_grid_shapes, grunt_megastairs_5
Snake:3:  layout_basic, serial_bayou_pond_e, serial_bayou_lake_a
Snake:4:  grunt_snake_rune_pools, layout_cave_town, gammafunk_ghost_split,
          serial_shops, bzr_entry_safe, uniq_vashnia, uniq_nikola, uniq_mara,
          uniq_aizul
Orc:1:    layout_caves, basic_altar
Orc:2:    st_orc_elflike, layout_diamond_mine, uniq_jorgrun

Skill      XL: |  1  2  3  4  5  6  7  8  9 10 11 12 13 14 15 16 17 |
---------------+----------------------------------------------------+-----
Axes           | 4 5 6 7 8 9 12 13 15 16 17 18 | 18.0
Fighting       | 4 5 6 7 8 10 11 13 15 | 15.6
Shields        | 2 7 10 13 14 | 14.0
Armour         | 3 7 10 12 14 15 | 15.6
Throwing       | 1 4 6 8 |  8.3
Dodging        | 4 9 11 13 | 13.0
Evocations     | 4 7 8 |  8.7

Action                   |  1- 3 |  4- 6 |  7- 9 | 10-12 | 13-15 | 16-18 || total
-------------------------+-------+-------+-------+-------+-------+-------++-------
Melee: Hand axe          |   101 |    51 |    33 |       |       |       ||   185
       Headbutt          |     8 |    10 |    41 |   140 |    85 |   150 ||   434
       War axe           |       |       |   209 |   251 |       |       ||   460
       Punch             |       |       |     3 |       |       |       ||     3
       Broad axe         |       |       |       |   263 |   409 |   707 ||  1379
       Unarmed           |       |       |       |       |       |     2 ||     2
Throw: Boomerang         |       |       |       |       |       |    21 ||    21
Invok: Berserk           |       |     2 |     3 |     9 |     1 |     4 ||    19
       Brothers in Arms  |       |       |       |       |     1 |     2 ||     3
       Trog's Hand       |       |       |       |       |       |     2 ||     2
Evoke: Wand              |       |       |       |     1 |       |       ||     1
  Use: Scroll            |       |       |     3 |     9 |    12 |     5 ||    29
       Potion            |       |       |       |     3 |     2 |     4 ||     9
 Stab: Petrified         |       |       |       |       |    11 |       ||    11
Armor: Animal skin       |     4 |       |       |       |       |       ||     4
       Ring mail         |    25 |    18 |    51 |       |       |       ||    94
       Scale mail        |       |       |    31 |       |       |       ||    31
       Plate armour      |       |       |       |   221 |   100 |    19 ||   340
       Acid dragon scale |       |       |       |       |       |   136 ||   136
Dodge: Dodged            |    86 |    39 |   194 |   306 |   291 |   459 ||  1375
Block: Kite shield       |       |       |    23 |   294 |   263 |   659 ||  1239
       Reflection        |       |       |       |       |     1 |    66 ||    67
